Map: Ulrena

Players

MorN - Winner!

  • Race: Terran Terran
  • League: Diamond

Iksf

  • Race: Zerg Zerg
  • League: Platinum

VOD

Have the link to the VOD?

Description

Time

  • Played on: Nov. 12, 2015, 11:08 p.m.
  • Length: 11:23
Show
View Real Time Build Order
Export as new Build Order

MorN Terran - Winner!

Build Orders: MMM Bio 

Get SALT Encoding   

  12  0:01  SCV  
  13  0:13  SCV  
  14  0:17  Supply Depot  
  14  0:25  SCV  
  15  0:39  SCV  
  15  0:41  Barracks  
  16  0:46  Refinery  
  16  0:54  SCV  
  17  1:06  SCV  
  18  1:18  SCV  
  19  1:31  Reaper, Orbital Command  
  20  1:41  Supply Depot  
  20  1:57  SCV  
  21  2:03  Reaper  
  22  2:09  SCV  
  22  2:11  Command Center  
  23  2:28  SCV  
  24  2:35  Factory  
  24  2:52  Barracks Reactor  
  24  2:58  SCV  
  25  3:04  Command Center  
  25  3:10  SCV  
  26  3:22  SCV  
  26  3:24  Orbital Command  
  27  3:28  Supply Depot  
  27  3:33  Hellion x2  
  31  3:34  SCV  
  31  3:36  Supply Depot, Barracks Tech Lab  
  31  3:39  Refinery  
  32  3:41  Engineering Bay  
  32  3:43  Engineering Bay  
  32  3:46  SCV  
  33  3:53  SCV  
  34  3:56  Hellion  
  34  3:58  SCV  
  37  4:04  Stimpack, Marine  
  37  4:06  SCV  
  37  4:08  Hellion  
  41  4:16  SCV  
  42  4:24  Marine  
  44  4:26  Terran Infantry Weapons Level 1  
  44  4:29  Terran Infantry Armor Level 1, Orbital Command  
  44  4:30  SCV x2  
  45  4:42  SCV x2  
  45  4:45  Barracks  
  47  4:49  Barracks  
  47  4:52  Factory Reactor  
  47  4:54  SCV x2  
  47  4:56  Supply Depot  
  49  5:05  SCV, Barracks x2  
  50  5:11  Marine  
  50  5:13  SCV x2  
  53  5:18  SCV  
  54  5:25  SCV  
  54  5:27  SCV  
  56  5:29  Marine  
  56  5:31  SCV  
  56  5:32  Refinery  
  56  5:33  Refinery, Starport  
  58  5:35  Supply Depot  
  58  5:38  Factory Reactor  
  58  5:39  SCV  
  58  5:41  Missile Turret  
  60  5:42  SCV  
  60  5:45  Armory  
  60  5:48  Marauder, Marine x4  
  66  5:50  SCV  
  67  6:00  Barracks Reactor x2  
  67  6:08  SCV  
  67  6:10  Marauder  
  67  6:11  Marine x2  
  72  6:18  Orbital Command  
  72  6:20  SCV  
  72  6:21  SCV  
  72  6:24  Supply Depot, Factory Reactor  
  74  6:26  Medivac  
  74  6:27  Medivac  
  74  6:29  Marine x3  
  81  6:33  SCV  
  81  6:34  Supply Depot  
  81  6:36  Marine x3  
  85  6:40  SCV  
  85  6:45  Terran Infantry Weapons Level 2  
  86  6:47  SCV  
  86  6:49  Refinery, Terran Infantry Armor Level 2  
  86  6:50  SCV  
  86  6:52  SCV  
  89  6:56  Marine x2  
  89  6:57  Marine x5  
  89  6:59  SCV  
  89  7:00  Medivac  
  99  7:02  SCV  
  99  7:05  SCV, Supply Depot  
  101  7:11  SCV  
  101  7:13  Marauder, Widow Mine, Marine  
  101  7:14  SCV  
  108  7:17  SCV  
  108  7:21  Widow Mine  
  109  7:27  SCV, Marine x6  
  109  7:29  Supply Depot  
  116  7:31  Supply Depot  
  116  7:33  Marine x2  
  116  7:34  Combat Shields, Marine  
  116  7:35  SCV  
  112  7:42  Widow Mine  
  112  7:51  Marine x3  
  112  7:52  Widow Mine, Marine x6  
  112  7:53  Medivac x2  
  112  7:54  SCV  
  120  8:09  Marine x5  
  120  8:10  Widow Mine, Marine  
  120  8:12  Barracks, Terran Vehicle Weapons Level 1  
  128  8:13  SCV, Barracks  
  128  8:15  Barracks  
  128  8:16  Missile Turret  
  128  8:17  Refinery, Marine  
  128  8:18  Missile Turret  
  130  8:30  Marine x3  
  133  8:42  Supply Depot x2  
  133  8:55  Supply Depot  
  133  8:57  Supply Depot x2  
  133  9:03  Marine x8, Medivac, Widow Mine x2  
  133  9:04  SCV x2  
  133  9:09  Marine  
  149  9:10  SCV  
  149  9:14  Medivac  
  149  9:17  SCV x2, Barracks Reactor  
  149  9:18  Barracks Reactor x2  
  149  9:21  Marine x4  
  149  9:22  Marine x3  
  149  9:23  Marauder  
  159  9:25  SCV  
  159  9:29  Command Center  
  159  9:31  Widow Mine, Marine  
  157  9:33  Medivac  
  156  9:39  Marine  
  156  9:40  SCV  
  156  9:41  Supply Depot  
  156  9:44  Marine x3, Medivac  
  163  9:51  Marauder  
  165  10:01  Marine x2  
  165  10:12  Marauder, Marine x6  
  165  10:13  Widow Mine x2, Marine x2  
  155  10:16  Marine  
  155  10:17  Marine  
  155  10:22  Orbital Command  
  154  10:29  Marine x4  
  154  10:32  Marine  
  154  10:33  SCV x2, Marauder  
  163  10:38  Supply Depot x2  
  163  10:39  Supply Depot  
  163  10:41  Missile Turret  
  163  10:42  Missile Turret, Widow Mine x2  
  167  10:47  Marine x2  
  169  10:53  Marine x3  
  169  10:54  Marine  
  169  10:55  Marauder  
  175  11:00  Marine  
  175  11:01  Marine x2  
  178  11:11  Refinery  
Show
View Real Time Build Order
Export as new Build Order

Iksf Zerg 

Build Orders: Hatch First 

Get SALT Encoding   

  12  0:01  Drone  
  13  0:08  Drone  
  14  0:18  Overlord  
  14  0:28  Drone, Extractor  
  15  0:37  Drone  
  15  0:38  Drone  
  17  0:45  Drone  
  18  0:58  Hatchery  
  18  1:02  Drone  
  18  1:13  Extractor  
  18  1:17  Spawning Pool  
  16  1:20  Drone  
  16  1:23  Drone  
  19  1:32  Drone  
  19  1:44  Drone  
  20  1:49  Overlord  
  20  2:02  Drone  
  20  2:07  Queen  
  23  2:11  Queen, Zergling x4  
  27  2:17  Metabolic Boost  
  27  2:25  Spore Crawler  
  27  2:28  Drone x2  
  28  2:32  Drone  
  29  2:40  Overlord  
  29  2:42  Drone  
  30  2:48  Drone  
  31  2:55  Drone x2, Queen  
  35  3:02  Queen  
  37  3:13  Drone  
  37  3:17  Drone x3  
  41  3:20  Drone x3  
  41  3:23  Overlord  
  44  3:34  Overlord  
  44  3:44  Queen  
  44  3:45  Hatchery  
  45  3:53  Queen  
  47  3:59  Extractor  
  47  4:00  Drone  
  47  4:01  Drone x6  
  53  4:08  Overlord  
  53  4:10  Drone  
  53  4:11  Drone x2  
  56  4:27  Drone  
  56  4:28  Drone x2  
  56  4:31  Spine Crawler  
  58  4:39  Extractor  
  58  4:41  Overlord  
  58  4:42  Drone x2  
  59  4:48  Drone  
  59  4:51  Drone  
  61  5:03  Drone x2  
  61  5:04  Drone x6  
  69  5:08  Drone x2  
  69  5:10  Drone  
  69  5:12  Queen  
  74  5:20  Drone  
  74  5:21  Drone x2  
  77  5:30  Overlord x2  
  77  5:35  Lair, Spore Crawler  
  77  5:40  Zergling x12  
  82  5:48  Zergling x2  
  83  5:50  Overlord  
  83  5:53  Extractor  
  83  5:54  Hatchery  
  81  5:59  Zergling x4  
  81  6:00  Extractor  
  81  6:02  Zergling x12  
  88  6:09  Zergling x2  
  89  6:13  Baneling Nest  
  88  6:20  Zergling x2  
  88  6:21  Zergling x2  
  88  6:22  Overlord  
  88  6:23  Overlord  
  90  6:26  Drone  
  90  6:27  Drone x2  
  90  6:28  Hatchery  
  90  6:32  Zergling x8  
  96  6:38  Zergling x2  
  97  6:40  Zergling x2  
  97  6:41  Zergling x6  
  101  6:47  Zergling x2, Extractor  
  101  6:53  Zergling x10  
  106  7:04  Zergling x2  
  106  7:07  Zergling x4  
  109  7:11  Zergling x14  
  116  7:26  Zergling x8  
  116  7:28  Overlord x3  
  110  7:50  Drone x17  
  117  8:00  Queen  
  108  8:19  Centrifical Hooks  
  108  8:21  Queen x2  
  108  8:22  Spire  
  111  8:46  Overlord x3  
  111  9:15  Zergling x38  
  111  9:16  Zergling x18  
  126  9:40  Baneling x9  
  126  9:41  Zergling x2, Baneling  
  126  9:42  Zergling x32  
  126  9:43  Zergling x6  
  142  9:47  Spore Crawler, Overseer  
  142  9:51  Zergling x4  
  143  9:57  Zergling x6  
  143  9:58  Zergling x2  
  147  10:00  Zergling x4  
  141  10:12  Zergling x24  
  139  10:25  Zergling x10  
  139  10:26  Zergling x2  
  129  10:35  Zergling x16  
  137  10:37  Drone  
  137  10:38  Extractor  
  138  10:42  Zergling x2  
  138  10:43  Zergling x4  
  138  10:45  Zergling x2  
  135  10:59  Overseer  
Tags
 
Composition
MMM Bio
Matchup
TvZ
Replay Pack
MorN pack 1
Add a new tag
Caveats
  • Supply blocks, unpowered buildings, or Contaminate may cause inaccurate times.
  • Supply counts are checked every 10 seconds.